 Dungeon Crawl Stone Soup version 0.26-a0-690-gcb57259078 (webtiles) character file.

Game seed: 10931161350117459472

30972 Peloso the Carver (level 13, 0/117 HPs)
             Began as a Minotaur Fighter on Oct 24, 2020.
             Was the Champion of Okawaru.
             Slain by Azrael
             ... wielding a +2 scimitar of flaming
              (6 damage)
             ... on level 12 of the Dungeon.
             The game lasted 00:38:14 (12907 turns).

Peloso the Carver (Minotaur Fighter)               Turns: 12907, Time: 00:38:14

Health: 0/117      AC: 16    Str: 29    XL:     13   Next: 23%
Magic:  13/13      EV: 14    Int:  8    God:    Okawaru [******]
Gold:   1157       SH: 19    Dex: 12    Spells: 12/12 levels left

rFire    . . .     SeeInvis +   a - +3 demon blade of Qytace {vamp, rPois}
rCold    . . .     Faith    .   c - +0 kite shield
rNeg     . . .     Spirit   .   A - +1 scale mail "Osuigueth" {MR+ Regen+ Str+5}
rPois    +         Reflect  +   X - +2 hat {Int+3}
rElec    .         Harm     .   Q - +0 cloak
rCorr    .         Rampage  .   N - +0 pair of gloves
MR       +....                  Y - +0 pair of boots
Stlth    ..........             V - amulet of reflection
HPRegen  0.69/turn              W - ring of see invisible
MPRegen  0.13/turn              (no ring)

@: no status effects
A: retaliatory headbutt, horns 2
a: Heroism, Finesse, Renounce Religion


You were on level 12 of the Dungeon.
You worshipped Okawaru.
Okawaru was exalted by your worship.
You visited 2 branches of the dungeon, and saw 14 of its levels.

You collected 1307 gold pieces.
You spent 150 gold pieces at shops.

Inventory:

Hand Weapons
 a - the +3 demon blade of Qytace (weapon) {vamp, rPois}
   (Okawaru gifted it to you on level 12 of the Dungeon)

   It inflicts no extra harm, but heals its wielder when it wounds a living foe.
   It protects you from poison.
 b - a +2 scimitar of flaming
 E - the +5 trident "Coegaelo" {holy, Str+2}
   (You found it on level 6 of the Dungeon)

   It has been blessed by the Shining One to cause great damage to the undead
   and demons.
   It affects your strength (+2).
Armour
 c - a +0 kite shield (worn)
 A - the +1 scale mail "Osuigueth" (worn) {MR+ Regen+ Str+5}
   (You found it on level 5 of the Dungeon)

   It affects your strength (+5).
   It affects your resistance to hostile enchantments.
   It increases your rate of regeneration.
 B - a +0 scale mail of cold resistance
 G - a +4 scale mail of magic resistance
 N - a +0 pair of gloves (worn)
 O - a +1 crystal plate armour
 Q - a +0 cloak (worn)
 X - a +2 hat of intelligence (worn)
 Y - a +0 pair of boots (worn)
 Z - the +1 scale mail "Ytienk" {Dex+4}
   (You found it on level 1 of the Lair of Beasts)

   It affects your dexterity (+4).
Jewellery
 i - an uncursed ring of resist corrosion
 t - an uncursed ring of flight
 C - an uncursed amulet of guardian spirit
 R - an uncursed ring of protection from magic
 T - a +4 ring of evasion
 V - an amulet of reflection (around neck)
 W - a ring of see invisible (left hand)
Wands
 m - a wand of iceblast (20)
 u - a wand of polymorph (30)
 y - a wand of disintegration (15)
 D - a wand of digging (7)
 H - a wand of flame (96)
 M - a wand of random effects (19)
 S - a wand of enslavement (11)
Scrolls
 e - 10 scrolls of teleportation
 g - 5 scrolls of remove curse
 h - 4 scrolls of identify
 j - 4 scrolls of amnesia
 k - 4 scrolls of enchant weapon
 l - a scroll of noise {unknown}
 o - 4 scrolls of enchant armour
 w - 2 scrolls of fear {unknown}
 z - 2 scrolls of fog {unknown}
 F - 2 scrolls of magic mapping {unknown}
 J - 4 scrolls of blinking
 L - 3 scrolls of silence
 P - 2 scrolls of immolation
Potions
 d - 5 potions of might
 f - 5 potions of curing
 n - 2 potions of resistance
 p - 5 potions of degeneration
 q - a potion of cancellation {unknown}
 r - 2 potions of flight
 s - 4 potions of ambrosia
 v - 4 potions of haste
 x - a potion of brilliance
 I - a potion of stabbing
 K - 3 potions of berserk rage
 U - a potion of mutation {unknown}


   Skills:
 + Level 11.9 Fighting
 + Level 14.9 Long Blades
 + Level 10.6 Armour
 + Level 7.2 Dodging
 + Level 2.0 Stealth
 + Level 14.0 Shields
 + Level 1.5 Invocations
 + Level 1.1 Evocations


You had 12 spell levels left.
You didn't know any spells.
Your spell library contained the following spells:

 Spells                   Type           Power        Failure   Level
 Beastly Appendage        Tmut           #.....       65%         1
 Corona                   Hex            #......      65%         1
 Freeze                   Ice            #...         65%         1
 Ensorcelled Hibernation  Hex/Ice        #.....       80%         2
 Wereblood                Tmut           #.......     80%         2
 Confusing Touch          Hex            #.......     95%         3
 Dazzling Flash           Conj/Hex       #.....       95%         3
 Frozen Ramparts          Ice            #.....       95%         3
 Ozocubu's Armour         Ice            #.......     95%         3
 Spider Form              Tmut/Pois      #.........   95%         3
 Tukima's Dance           Hex            #.......     95%         3
 Hailstorm                Conj/Ice       #.......     100%        4
 Ice Form                 Ice/Tmut       #.......     100%        4
 Summon Ice Beast         Ice/Summ       #.......     100%        4
 Blade Hands              Tmut           #.........   100%        5


Dungeon Overview and Level Annotations

Branches:
Dungeon (12/15)            Temple (0/1) D:6            Lair (2/6) D:9
    Orc (0/2) D:11
  Swamp: Lair:2-4    Shoals: Lair:2-4     Snake: Lair:2-4    Spider: Lair:2-4

Altars:
Ashenzari
Cheibriados
Dithmenos
Hepliaklqana
Makhleb
Okawaru
Trog
Uskayaw
Vehumet
Xom
Zin
The Shining One

Shops:
D:7 !

Annotations:
D:6 4 runed translucent doors
D:12 3 runed translucent doors, Azrael; Umpaqoo's ghost, journeyman GrEE


Innate Abilities, Weirdness & Mutations

You reflexively headbutt those who attack you in melee.
You have a pair of horns on your head.


Message History

You slash Azrael!
Azrael is moderately wounded.
You hit Azrael. You headbutt Azrael, but do no damage.
Azrael is moderately wounded.
Azrael gestures at you.
The sphere of damnation explodes!
The damnation engulfs you!!
* * * LOW HITPOINT WARNING * * *
The damnation engulfs Azrael.
Azrael completely resists.
You barely miss Azrael.
Azrael is moderately wounded.
You slice Azrael!! Your headbutt misses Azrael.
Azrael is heavily wounded.
Azrael gestures at you.
The sphere of damnation explodes!
The damnation engulfs you!!
* * * LOW HITPOINT WARNING * * *
The damnation engulfs Azrael.
Azrael completely resists.
You slash Azrael! You headbutt Azrael!
Azrael is almost dead.
Azrael hits you with a +2 scimitar of flaming.
You die...

...### ......... .....##
###+++### # ...... #.......#
#.#####.... #....$?...
.......... #.........
#........ ...####... #..hE#
.##$=###. #R# )..(.##
###########@# ..=...#
#.........#†# .../.#
###.#######.#.# ###ZZ..
.....#####.#.###..# .Z44k .
###.#.#............# ####
#.......###.#.####..#####..###
#.#)#.### #....## ........)).
#.#)#.# #.....# #######.###
.###.#)#.#####..[.## #.#


You could see Azrael (invisible), a fire elemental and a hell hound.

Vanquished Creatures
  Jorgrun (D:12)
  Snorg (D:12)
  Erolcha (D:10)
  Harold (D:7)
  Fannar (D:10)
  A hydra (D:11)
  Erica (D:9)
  3 two-headed ogres
  Pikel (D:3)
  An ugly thing (D:11)
  A deep elf mage (D:12)
  2 cyclopes (D:12)
  A manticore (D:11)
  A black mamba (Lair:1)
  Joseph (D:8)
  Maurice (D:11)
  A gargoyle (D:11)
  8 cane toads
  5 komodo dragons (Lair:1)
  2 kobold demonologists (D:12)
  A hornet (D:10)
  A troll (D:9)
  6 slime creatures (D:12)
  A meliai zombie (D:12)
  2 fire elementals (D:12)
  27 yaks
  3 wyverns (D:9)
  An acid dragon (D:11)
  11 water moccasins
  4 hell hounds (D:12)
  2 sky beasts
  An eye of draining (D:11)
  10 orc warriors
  A black bear (D:4)
  3 ice beasts
  5 phantoms
  8 centaurs
  6 ogres
  3 big kobolds
  Blork the orc (D:6)
  13 bullfrogs
  A wyvern zombie (D:11)
  4 scorpions
  A water moccasin skeleton (D:6)
  5 killer bees (D:11)
  12 wights
  6 howler monkeys
  2 quasits
  A centaur zombie (D:7)
  11 hounds
  2 jellies
  9 orc priests
  A bullfrog zombie (D:6)
  Crazy Yiuf (D:6)
  3 bullfrog skeletons
  2 centaur skeletons
  Terence (D:3)
  7 iguanas
  11 orc wizards
  5 worker ants
  2 hound zombies
  2 hound skeletons (D:5)
  Robin (D:3)
  A howler monkey zombie (D:11)
  A worker ant zombie (D:11)
  9 gnolls
  10 adders
  3 white imps
  An ufetubus (D:7)
  3 oozes
  An adder zombie (D:2)
  An adder skeleton (D:7)
  A worm (D:2)
  A dart slug (D:1)
  2 leopard geckos
  44 orcs
  5 giant cockroaches
  13 goblins
  13 hobgoblins
  10 jackals
  2 ball pythons (D:3)
  8 bats
  2 frilled lizards (D:1)
  A giant cockroach zombie (D:6)
  10 kobolds
  A quokka skeleton (D:6)
  A quokka zombie (D:5)
  5 rats
384 creatures vanquished.

Vanquished Creatures (others)
  A sky beast (D:9)
  A gnoll (D:7)
  An orc (D:9)
  7 fungi
  20 plants
30 creatures vanquished.

Grand Total: 414 creatures vanquished

Notes
Turn   | Place    | Note
-------+----------+-------------------------------------------
     0 | D:1      | Peloso the Minotaur Fighter began the quest for the Orb.
     0 | D:1      | Reached XP level 1. HP: 19/19 MP: 0/0
   237 | D:1      | Reached XP level 2. HP: 27/27 MP: 1/1
   785 | D:2      | Found a hide-covered altar of Uskayaw.
   917 | D:2      | Reached XP level 3. HP: 33/33 MP: 2/2
  1127 | D:2      | Reached skill level 5 in Shields
  1245 | D:2      | Noticed a sky beast
  1273 | D:2      | Killed a sky beast
  1273 | D:2      | Reached XP level 4. HP: 10/40 MP: 3/3
  1273 | D:2      | Reached XP level 5. HP: 12/46 MP: 4/4
  2029 | D:4      | Noticed Pikel
  2029 | D:4      | Noticed a lemure
  2029 | D:4      | Noticed a lemure
  2029 | D:4      | Noticed a lemure
  2029 | D:4      | Noticed a lemure
  2062 | D:3      | Killed Pikel
  2062 | D:3      | Reached skill level 5 in Fighting
  2062 | D:3      | Reached skill level 5 in Long Blades
  2062 | D:3      | Reached skill level 5 in Armour
  2062 | D:3      | Reached skill level 1 in Dodging
  2062 | D:3      | Reached XP level 6. HP: 38/56 MP: 5/5
  2062 | D:3      | Reached XP level 7. HP: 42/61 MP: 6/6
  2328 | D:3      | Noticed Terence
  2335 | D:3      | Killed Terence
  2770 | D:3      | Found a burning altar of Makhleb.
  2794 | D:3      | Noticed Robin
  2805 | D:3      | Killed Robin
  2842 | D:3      | Found a faded altar of an unknown god.
  3495 | D:4      | Found a hazy altar of Hepliaklqana.
  3541 | D:4      | Reached XP level 8. HP: 69/69 MP: 7/7
  3556 | D:4      | Found a glowing silver altar of Zin.
  3668 | D:5      | Entered Level 5 of the Dungeon
  3835 | D:5      | Got a slimy scale mail
  3846 | D:5      | Identified the +1 scale mail "Osuigueth" {MR+ Regen+ Str+5}
                  | (You found it on level 5 of the Dungeon)
  4232 | D:6      | Found an iron altar of Okawaru.
  4268 | D:6      | Became a worshipper of Warmaster Okawaru
  4530 | D:6      | Reached * piety under Okawaru
  4603 | D:6      | Found a glowing golden altar of the Shining One.
  4664 | D:6      | Found a large runed translucent door.
  4664 | D:6      | Found a large runed translucent door.
  4689 | D:6      | Found a staircase to the Ecumenical Temple.
  4713 | D:6      | Found a radiant altar of Vehumet.
  4793 | D:6      | Reached XP level 9. HP: 78/78 MP: 8/8
  4807 | D:6      | Noticed Blork the orc
  4815 | D:6      | Killed Blork the orc
  4859 | D:6      | Found a runed translucent door.
  4860 | D:6      | Noticed Crazy Yiuf
  4934 | D:6      | Found a large runed translucent door.
  4934 | D:6      | Found a large runed translucent door.
  5004 | D:6      | Got a slimy trident
  5005 | D:6      | Identified the +5 trident "Coegaelo" {holy, Str+2} (You
                  | found it on level 6 of the Dungeon)
  5218 | D:6      | Reached ** piety under Okawaru
  5470 | D:7      | Noticed Harold
  5487 | D:7      | Killed Harold
  5487 | D:7      | Reached *** piety under Okawaru
  5487 | D:7      | Reached skill level 10 in Long Blades
  5905 | D:7      | Found Ithoak's Distillery.
  5915 | D:7      | Reached XP level 10. HP: 81/86 MP: 7/9
  5919 | D:7      | Reached **** piety under Okawaru
  5925 | D:7      | Bought a potion of degeneration for 15 gold pieces
  5925 | D:7      | Bought a potion of berserk rage for 75 gold pieces
  5925 | D:7      | Bought a potion of might for 60 gold pieces
  6678 | D:8      | Reached skill level 1 in Stealth
  6830 | D:8      | Found a shimmering altar of Xom.
  6849 | D:8      | Noticed a two-headed ogre
  6858 | D:8      | Killed a two-headed ogre
  6942 | D:8      | Found a snail-covered altar of Cheibriados.
  7231 | D:9      | Found a staircase to the Lair.
  7250 | D:9      | Reached ***** piety under Okawaru
  7256 | D:9      | Reached skill level 1 in Invocations
  7260 | D:9      | Reached skill level 10 in Shields
  7297 | D:9      | Received a gift from Okawaru
  7297 | D:9      | Reached XP level 11. HP: 82/97 MP: 8/11
  7529 | D:9      | Noticed Joseph
  7665 | D:8      | Killed Joseph
  7770 | D:9      | Found a broken altar of Ashenzari.
  7770 | D:9      | Found a bloodstained altar of Trog.
  7898 | D:9      | Noticed Erica
  7920 | D:9      | Killed Erica
  8478 | D:6      | Killed Crazy Yiuf
  8565 | D:10     | Entered Level 10 of the Dungeon
  8766 | D:10     | Noticed Erolcha
  8772 | D:10     | Killed Erolcha
  8772 | D:10     | Reached skill level 5 in Dodging
  8807 | D:10     | Got a polished falchion
  8808 | D:10     | Identified the +3 falchion of Wariness {vorpal, rElec rPois
                  | MR- Int+4} (You found it on level 10 of the Dungeon)
  8849 | D:10     | Noticed Fannar
  8874 | D:10     | Killed Fannar
  8874 | D:10     | Reached skill level 10 in Fighting
  9191 | D:11     | Found a staircase to the Orcish Mines.
  9444 | D:11     | Noticed a white ugly thing
  9459 | D:11     | Killed a white ugly thing
  9676 | D:11     | Noticed a four-headed hydra
  9681 | D:11     | Killed a one-headed hydra
  9681 | D:11     | Received a gift from Okawaru
  9736 | D:11     | Noticed Maurice
  9741 | D:11     | Killed Maurice
  9881 | D:11     | Reached skill level 10 in Armour
  9881 | D:11     | Reached XP level 12. HP: 84/106 MP: 9/12
 10285 | Lair:1   | Entered Level 1 of the Lair of Beasts
 10349 | Lair:1   | Reached skill level 1 in Evocations
 10446 | Lair:1   | Received a gift from Okawaru
 11008 | Lair:1   | Got a warped scale mail
 11019 | Lair:1   | Identified the +1 scale mail "Ytienk" {Dex+4} (You found it
                  | on level 1 of the Lair of Beasts)
 11591 | Lair:2   | Found a shadowy altar of Dithmenos.
 12418 | D:12     | Noticed Snorg
 12433 | D:12     | Killed Snorg
 12433 | D:12     | Received a gift from Okawaru
 12437 | D:12     | Got a faintly glowing demon blade {god gift}
 12438 | D:12     | Identified the +3 demon blade of Qytace {vamp, rPois}
                  | (Okawaru gifted it to you on level 12 of the Dungeon)
 12502 | D:12     | Found a runed translucent gate.
 12502 | D:12     | Found a runed translucent gate.
 12502 | D:12     | Found a runed translucent gate.
 12533 | D:12     | Noticed a two-headed ogre
 12538 | D:12     | Killed a two-headed ogre
 12538 | D:12     | Reached XP level 13. HP: 116/116 MP: 13/13
 12620 | D:12     | Noticed Jorgrun
 12630 | D:12     | Killed Jorgrun
 12740 | D:12     | Noticed Umpaqoo's ghost (journeyman GrEE)
 12792 | D:12     | Reached ****** piety under Okawaru
 12873 | D:12     | Noticed Azrael
 12907 | D:12     | Slain by Azrael

Illustrated notes

Levels and vault maps discovered:
D:1:      evilmike_arrival_hilbert_curve, layout_loops_ring
D:2:      layout_basic, lemuel_crystal_altar, minmay_divided_ellipse
D:3:      layout_basic, makhleb_heckhound_becter,
          chequers_ecumenical_altar_simple, small_statue_intersection,
          uniq_robin, uniq_terence
D:4:      layout_rooms, kennysheep_little_box, old_standard_altar, serial_glass,
          glass_columns_b, glass_columns_b, glass_columns_a, glass_columns_a,
          glass_columns_a, glass_columns_c, eino_tiny_chamber, uniq_pikel
D:5:      layout_basic, hex_medium
D:6:      layout_cave_pools, lemuel_round_altar, kennysheep_mini_moat,
          okawaru_metal_pillars_1_2, minmay_temple_entry_mist,
          minmay_hollow_rounded_squares, uniq_blork_the_orc,
          uniq_crazy_yiuf_cottage
D:7:      layout_basic, serial_shops, nicolae_shop_stone, uniq_harold
D:8:      layout_rooms, kennysheep_mini, lemuel_doored_altar,
          blue_anna_alchemist [blue_anna_fruit_fields, blue_anna_fruit_fields]
D:9:      layout_cave_pods, gammafunk_temple_overflow_elements,
          minmay_lair_entry_grove, minivault_26, uniq_erica, uniq_joseph
D:10:     layout_cave_pools, serial_glass, glass_columns_c, glass_columns_b,
          uniq_erolcha, uniq_fannar
D:11:     layout_irregular_city, orc_david_3, uniq_maurice
D:12:     layout_loops_corners, gammafunk_ghost_icy, kennysheep_generic_room_11,
          uniq_azrael, uniq_jorgrun, uniq_snorg
Lair:1:   layout_concentric_octagons, eino_small_chamber_without_monster,
          grunt_megastairs_2
Lair:2:   statuecave_lemuel, layout_gridlike, basic_altar,
          eino_small_chamber_without_monster

Skill      XL: |  1  2  3  4  5  6  7  8  9 10 11 12 13 |
---------------+----------------------------------------+-----
Armour         | 4 5 7 8 10 | 10.6
Shields        | 4 5 6 7 9 10 11 13 14 | 14.0
Fighting       | 4 5 6 7 9 10 11 | 11.9
Long Blades    | 3 5 6 8 10 12 13 14 | 14.9
Dodging        | 1 2 3 4 5 6 7 |  7.2
Stealth        | 1 2 |  2.0
Invocations    | 1 |  1.5
Evocations     | 1 |  1.1

Action                   |  1- 3 |  4- 6 |  7- 9 | 10-12 | 13-15 || total
-------------------------+-------+-------+-------+-------+-------++-------
Melee: Long sword        |    59 |    51 |   271 |   241 |       ||   622
       Headbutt          |     8 |    11 |    92 |   157 |    17 ||   285
       Falchion          |       |       |    47 |    39 |       ||    86
       Scimitar          |       |       |       |   364 |       ||   364
       Demon blade       |       |       |       |    22 |    71 ||    93
Invok: Heroism           |       |       |       |     2 |     2 ||     4
Evoke: Wand              |       |       |     3 |     5 |       ||     8
  Use: Potion            |     3 |       |     1 |     3 |       ||     7
       Scroll            |       |       |       |    16 |       ||    16
Armor: Scale mail        |    34 |    24 |   100 |   127 |    10 ||   295
       Plate armour      |       |       |     5 |       |       ||     5
Dodge: Dodged            |    31 |    23 |   111 |   198 |    13 ||   376
Block: Kite shield       |    39 |    31 |   189 |   436 |    49 ||   744
       Reflection        |       |       |       |     3 |    10 ||    13
       Rpst.: Long sword |     9 |    11 |    23 |    16 |       ||    59
       Falchion          |       |       |     6 |     2 |       ||     8
       Scimitar          |       |       |       |    28 |       ||    28
       Demon blade       |       |       |       |     2 |     3 ||     5

Table legend: (Time is in decaauts)
 A = Elapsed time spent in this place.
 B = Non-inter-level travel time spent in this place.
 C = Inter-level travel time spent in this place.
 D = Time resting spent in this place.
 E = Time spent auto-exploring this place.
 F = Levels seen in this place.
 G = Mean time per level.
                   A        B        C        D        E       F      G
               +--------+--------+--------+--------+--------+-----+--------+
         Total |  12786 |  12145 |    641 |    261 |   8683 |  14 |  913.3 |
       Dungeon |  10900 |  10386 |    514 |    257 |   7309 |  12 |  908.3 |
          Lair |   1886 |   1759 |    127 |      4 |   1374 |   2 |  943.0 |
               +--------+--------+--------+--------+--------+-----+--------+

Top non-repeatable levels by time:
     D:9: 1370 daAuts
  Lair:1: 1186 daAuts
     D:3: 1154 daAuts
     D:7: 1144 daAuts
     D:2: 1090 daAuts
     D:6: 1025 daAuts
    D:11: 972 daAuts
     D:1: 770 daAuts
    D:10: 704 daAuts
     D:4: 702 daAuts
  Lair:2: 700 daAuts
     D:8: 695 daAuts
     D:5: 673 daAuts
    D:12: 596 daAuts
